 Dungeon Crawl Stone Soup version 0.24.0-123-gd5b16e6ec5 (webtiles) character file.

Game seed: 17154255087053095677, levelgen mode: deterministic

457 Mrkan the Chopper (level 6, -4/56 HPs)
             Began as a Minotaur Fighter on Dec 30, 2019.
             Slain by Duvessa
             ... wielding a +0 short sword
              (7 damage)
             ... on level 4 of the Dungeon.
             The game lasted 00:04:24 (2443 turns).

Mrkan the Chopper (Minotaur Fighter)                Turns: 2443, Time: 00:04:25

Health: -4/56      AC:  8    Str: 21    XL:     6   Next: 77%
Magic:  5/5        EV:  7    Int:  5    God:
Gold:   214        SH: 10    Dex: 11    Spells: 5/5 levels left

rFire    . . .     SeeInvis .   a - +0 war axe
rCold    . . .     Gourm    .   c - +0 shield
rNeg     . . .     Faith    .   b - +0 scale mail
rPois    .         Spirit   .   (helmet restricted)
rElec    .         Reflect  .   n - +0 cloak
rCorr    .         Harm     .   (no gloves)
MR       .....                  (no boots)
Stlth    ..........             (no amulet)
HPRegen  0.18/turn              (no ring)
MPRegen  0.09/turn              (no ring)

@: no status effects
A: retaliatory headbutt, horns 2
a: no special abilities


You were on level 4 of the Dungeon.
You were not hungry.

You visited 1 branch of the dungeon, and saw 4 of its levels.

You collected 214 gold pieces.

Inventory:

Hand Weapons
 a - a +0 war axe (weapon)
Missiles
 m - 4 javelins (quivered)
Armour
 b - a +0 scale mail (worn)
 c - a +0 shield (worn)
 n - a +0 cloak (worn)
Jewellery
 h - an uncursed ring of protection from magic {unknown}
 o - a +4 ring of strength {unknown}
Scrolls
 e - a scroll of magic mapping {unknown}
 i - 10 scrolls of identify {unknown}
 l - 6 scrolls of remove curse {unknown}
 p - a scroll of amnesia {unknown}
 q - a scroll of enchant armour {unknown}
Potions
 d - 2 potions of might
 g - 2 potions of invisibility {unknown}
 j - 5 potions of brilliance {unknown}
Comestibles
 f - 6 rations
 k - 3 chunks of flesh


   Skills:
 + Level 5.2 Fighting
 * Level 5.9 Axes
 + Level 5.2 Armour
 + Level 5.2 Shields


You had 5 spell levels left.
You didn't know any spells.
Your spell library contained the following spells:

 Spells                   Type           Power        Failure   Level  Hunger
 Corona                   Hex            #......      99%         1    ##.....
 Ensorcelled Hibernation  Hex/Ice        #.....       100%        2    ###....
 Confuse                  Hex            #.......     100%        3    ####...
 Dazzling Spray           Conj/Hex       #.....       100%        3    ####...
 Tukima's Dance           Hex            #.......     100%        3    ####...


Dungeon Overview and Level Annotations

Branches:
Dungeon (4/15)
 Temple: D:4-7

Altars:
Xom

Annotations:
D:3 3 runed translucent doors, diiiiiane's ghost, amateur OpAs
D:4 Duvessa


Innate Abilities, Weirdness & Mutations

You reflexively headbutt those who attack you in melee.
You have a pair of horns on your head.


Message History

Duvessa is heavily wounded.
You block Duvessa's attack. Duvessa hits you but does no damage.
Unknown command.
Your shield and scale mail prevent you from hitting Duvessa.
You headbutt Duvessa.
Duvessa is severely wounded.
Duvessa hits you with a +0 short sword.
* * * LOW HITPOINT WARNING * * *
Duvessa hits you with a +0 short sword.
* * * LOW HITPOINT WARNING * * *
Unknown command.
You slash Duvessa! You headbutt Duvessa!
Duvessa is almost dead.
You block Duvessa's attack. x2
You hit Duvessa.
Duvessa is almost dead.
Duvessa hits you with a +0 short sword!
* * * LOW HITPOINT WARNING * * *
Duvessa hits you with a +0 short sword!
You die...

#........#..#.....<#
#..#....###.#......#
#..#....###........#
#......###........##
##.....###........#
##.....##.......##
##..........#...#
#..#e.#.....#...#
###.##@#........##
#.....).##....###
#..#....#.....
#..#..).# ..#
#.......# ##
#......## #.......#
#..........#
#..........#


You could see Duvessa (berserk).

Vanquished Creatures
  An ogre (D:4)
  Dowan (D:4)
  A hound (D:4)
  2 orc priests (D:3)
  An orc wizard (D:3)
  A worker ant (D:4)
  6 adders
  3 gnolls (D:2)
  2 worms
  4 dart slugs
  4 leopard geckos
  9 orcs (D:3)
  A giant cockroach (D:1)
  4 hobgoblins
  10 jackals
  8 kobolds
  4 quokkas
  2 ball pythons
  6 bats
  4 frilled lizards
  5 goblins
  9 rats
88 creatures vanquished.

Notes
Turn   | Place    | Note
-------+----------+-------------------------------------------
     0 | D:1      | Mrkan the Minotaur Fighter began the quest for the Orb.
     0 | D:1      | Reached XP level 1. HP: 19/19 MP: 0/0
    93 | D:1      | Reached XP level 2. HP: 27/27 MP: 1/1
   749 | D:2      | Reached XP level 3. HP: 25/33 MP: 2/2
   784 | D:2      | Reached XP level 4. HP: 17/40 MP: 3/3
  1342 | D:3      | Found a runed translucent gate.
  1343 | D:3      | Found a runed translucent gate.
  1344 | D:3      | Found a runed translucent gate.
  1344 | D:3      | Noticed diiiiiane's ghost (amateur OpAs)
  1670 | D:3      | Reached XP level 5. HP: 47/47 MP: 4/4
  1969 | D:3      | Reached skill level 5 in Axes
  2196 | D:3      | Reached XP level 6. HP: 55/55 MP: 5/5
  2381 | D:4      | Found a shimmering altar of Xom.
  2412 | D:4      | Reached skill level 5 in Fighting
  2412 | D:4      | Reached skill level 5 in Armour
  2412 | D:4      | Reached skill level 5 in Shields
  2418 | D:4      | Noticed Duvessa
  2418 | D:4      | Noticed Dowan
  2437 | D:4      | Killed Dowan
  2443 | D:4      | Slain by Duvessa

Levels and vault maps discovered:
D:1:      tarquinn_simple_flora_water_f, layout_loops_ring
D:2:      layout_basic
D:3:      layout_loops_corners, gammafunk_ghost_split, first_ration
D:4:      layout_cave_pools, overflow_temple_1_default, columned_hall_lemuel,
          minmay_misc_feat_plants, uniq_duvessa

Skill      XL: |  1  2  3  4  5  6 |
---------------+-------------------+-----
Axes           | 3 4 5 |  5.9
Fighting       | 4 5 |  5.2
Armour         | 4 5 |  5.2
Shields        | 4 5 |  5.2

Action                   |  1- 3 |  4- 6 || total
-------------------------+-------+-------++-------
Melee: War axe           |    76 |   150 ||   226
       Headbutt          |     9 |    25 ||    34
  Eat: Chunk             |       |     5 ||     5
Armor: Scale mail        |    45 |    67 ||   112
Dodge: Dodged            |    25 |    33 ||    58
Block: Shield            |    46 |    91 ||   137
